Unix NetHack Version 5.0.0-0 post-release - last build Jun 10 2026 00:39:30 (3ee93aec679c4c4259841fe613dc97188e26a321,branch:main).

Game began 2026-06-25 11:54:06, ended 2026-06-25 12:00:03.

DiePARTEI, neutral female human Tourist

                                         ------
             --------                    |..|.---
             |..--..--                   |......---
             --......---- ----           --....<..|                ------
              ---.......|--..|   ----     |.......--              --....|
                --......|....--  |..--    |-..---..|       --------.....----
                --............|  |...|    |...|--.-|       |...............|
                |.............|  |..--    |-..|-...|       |..----...--....---
                --............|---.-|     |...|.|..|       -------...--......|
    ---          |............--....-------...|--..|           |.............|
   --.---     ----.........--.hG..............|....|           |.............|
  --....|    --....................----------.|f.-.-------------.......--....|
  |.....------.............----.....|       |.h........................--....|
  |..................-------  |.....--      |-)....--..-----.................|
  ---..---------..-..|        ----...-------|......|-------..................|
    ----       --....--    -------....|.--.--.--..-|   |.....................|
                ---...|    |.................----..|   |...---..----...|....--
                  --..|    --.----->....|....|  |..|   --.-- |..|  |..---.---
                   ----     ---   ----.---..--  ----    ---  ----  ---- ---
                                     --- ----

DiePARTEI the Rambler       St:14 Dx:12 Co:14 In:13 Wi:9 Ch:14  Neutral
Dlvl:3  $:61 HP:0(12) Pw:2(2) AC:5  Xp:1 T:488 

Latest messages:
 You owe Kilmihil 448 zorkmids.
 You paid for 5 scrolls of identify at a cost of 180 gold pieces.
 You paid for 2 scrolls of identify at a cost of 54 gold pieces.
 You bought 2 scrolls labeled ZLORFIK for 134 gold pieces.
 You bought an uncursed scroll of enchant weapon for 80 gold pieces.
 "Thank you for shopping in Kilmihil's second-hand bookstore!"
 "For you, most gracious lady; only 133 zorkmids for this dusty spellbook."
 F - a dusty spellbook (unpaid, 133 zorkmids).
 You bought a dusty spellbook for 133 gold pieces.
 "Thank you for shopping in Kilmihil's second-hand bookstore!"
 What do you want to read? [hyFI or ?*] F
 You begin to memorize the runes.
 You hear the splashing of a naiad.
 You learn the "confuse monster" spell.
 What do you want to drop? [$a-uyFI or ?*] F
 You drop a spellbook of confuse monster.
 Kilmihil offers 33 gold pieces for your spellbook of confuse monster.  Sell it? [ynaq] (n) y
 You sold a spellbook of confuse monster for 33 gold pieces.
 You descend the stairs.
 You see here a black gem.
 J - a black gem.
 The gnome hits!
 The gnome wields a thonged club!
 The gnome secures the tether on the thonged club.
 You swap places with your kitten.
 The kitten misses the gnome.
 What do you want to read? [hyI or ?*] ?
 As you read the scroll, it disappears.
 A map coalesces in your mind!
 The kitten misses the gnome.
 The kitten bites the gnome.
 The gnome is killed!
 Your kitten eats a tripe ration.
 The gnome throws a thonged club!
 A thonged club misses you.
 The thonged club returns to the gnome's hand!
 In what direction? 4
 You kill the gnome!
 The dwarf zaps an oak wand!
 The magic missile whizzes by you!
 a - a +2 dart (at the ready) (34 in total).
 In what direction? 2
 The dart misses the dwarf.
 The dwarf zaps a wand of magic missile!
 The magic missile hits you!
 The magic missile bounces!
 The magic missile hits you!
 You die...
 Do you want your possessions identified? [ynq] (y) y
 Do you want to see your attributes? [ynq] (y) q

Inventory:
 Coins    ('$')
  $ - 61 gold pieces
 Weapons  (')')
  a - 33 +2 darts (at the ready)
  l - 57 +0 darts
  m - a cursed poisoned +0 dart
 Armor    ('[')
  i - an uncursed +0 Hawaiian shirt with a plumeria motif (being worn)
  o - an uncursed +0 chain mail (being worn)
 Comestibles  ('%')
  b - 2 uncursed slime molds
  n - 2 cursed slime molds
  c - 5 uncursed food rations
  e - 2 uncursed fortune cookies
  q - an uncursed melon
  d - 2 uncursed tins of deep fried lichen
  r - an uncursed tin of pickled lichen
  f - an uncursed egg
  p - an uncursed lichen corpse
 Scrolls  ('?')
  I - an uncursed scroll of enchant weapon
  y - 2 uncursed scrolls of light
  h - 3 uncursed scrolls of magic mapping
 Potions  ('!')
  g - an uncursed potion of extra healing
  s - an uncursed potion of invisibility
 Rings    ('=')
  t - an uncursed ring of sustain ability
 Tools    ('(')
  k - an uncursed credit card
  j - an expensive camera (0:89)
 Gems/Stones  ('*')
  J - an uncursed worthless piece of black glass
  u - an uncursed worthless piece of white glass

DiePARTEI the Tourist's attributes:

Background:
 You were a Rambler, a level 1 female human Tourist.
 You were neutral, on a mission for The Lady
 who was opposed by Blind Io (lawful) and Offler (chaotic).
 You were right-handed.
 You were in the Gnomish Mines, on level 3.
 You entered the dungeon 488 turns ago.
 You had 18 experience points, 2 more were needed to attain level 2.

Basics:
 You had 0 out of 12 hit points.
 You had both energy points (spell power).
 Your armor class was 5.
 Your wallet contained 61 zorkmids.
 Autopickup was off.

Final Characteristics:
 Your strength was 14 (limit:18/100).
 Your dexterity was 12 (limit:18).
 Your constitution was 14 (peak:15, limit:18).
 Your intelligence was 13 (limit:18).
 Your wisdom was 9 (limit:18).
 Your charisma was 14 (limit:18).

Final Status:
 You weren't hungry.
 You were unencumbered.
 You were bare handed.
 You were unskilled in bare handed combat.

Final Attributes:
 You were aligned.
 You were warded.
 Your spell casting was impaired by metallic armor.
 You are dead.

Miscellaneous:
 You didn't encounter any bones levels.
 Total elapsed playing time was 5 minutes and 54 seconds.

Major events:
 Turn
    1: DiePARTEI the neutral female human Tourist entered the dungeon
  468: entered the Gnomish Mines
  488: killed by a magic missile zapped by a dwarf

Spells:
 Name                 Level Category     Fail Retention
 confuse monster        1   enchantment   87%  76%-100%

Skills:
 Fighting Skills
   bare handed combat [Unskilled]
   two weapon combat  [Unskilled]
   riding             [Unskilled]
 Weapon Skills
   dagger             [Unskilled]
   knife              [Unskilled]
   axe                [Unskilled]
   pick-axe           [Unskilled]
   short sword        [Unskilled]
   broadsword         [Unskilled]
   long sword         [Unskilled]
   two-handed sword   [Unskilled]
   saber              [Unskilled]
   mace               [Unskilled]
   morning star       [Unskilled]
   flail              [Unskilled]
   hammer             [Unskilled]
   quarterstaff       [Unskilled]
   polearms           [Unskilled]
   spear              [Unskilled]
   trident            [Unskilled]
   lance              [Unskilled]
   bow                [Unskilled]
   sling              [Unskilled]
   crossbow           [Unskilled]
   dart               [Basic]
   shuriken           [Unskilled]
   boomerang          [Unskilled]
   whip               [Unskilled]
   unicorn horn       [Unskilled]
 Spellcasting Skills
   divination spells  [Unskilled]
   enchantment spells [Unskilled]
   escape spells      [Unskilled]

Voluntary challenges:
 Character rerolling was not enabled.
 You were an atheist.
 You never hit with a wielded weapon.
 You never genocided any monsters.
 You never polymorphed an object.
 You never changed form.
 You used no wishes.
Achievements:
 You entered a shop.
 You entered the Gnomish Mines.

 The Dungeons of Doom: levels 1 to 2
    Level 1:
    Level 2:
       A scroll shop.
       Stairs down to The Gnomish Mines.
 The Gnomish Mines:
    Level 3: <- You were here.
       Final resting place for
          you, killed by a magic missile zapped by a dwarf.


Vanquished creatures:
  2 gnomes
  2 jackals
  2 grid bugs
  2 lichens
  a newt
9 creatures vanquished.

No species were genocided or became extinct.

Game over:
                       ----------
                      /          \
                     /    REST    \
                    /      IN      \
                   /     PEACE      \
                  /                  \
                  |    DiePARTEI     |
                  |      61 Au       |
                  |   killed by a    |
                  |  magic missile   |
                  |   zapped by a    |
                  |      dwarf       |
                  |       2026       |
                 *|     *  *  *      | *
        _________)/\\_//(\/(/\)/\//\/|_)_______

Aloha DiePARTEI the Tourist...

You died in The Gnomish Mines on dungeon level 3 with 182 points,
and 61 pieces of gold, after 488 moves.
You were level 1 with a maximum of 12 hit points when you died.

